 Dungeon Crawl Stone Soup version 0.17-a0-562-gfd539b1 (webtiles) character file.

278 Fluffy the Slasher (level 6, -3/44 HPs)
             Began as a Demonspawn Gladiator on Apr 14, 2015.
             Was an Initiate of Dithmenos.
             Slain by an ogre
             ... wielding a +0 giant club
              (7 damage)
             ... on level 4 of the Dungeon.
             The game lasted 00:06:20 (2628 turns).

Fluffy the Slasher (Demonspawn Gladiator)           Turns: 2628, Time: 00:06:21

Health: -3/44      AC: 17    Str: 17    XL:     6   Next: 5%
Magic:  0/6        EV:  6    Int: 10    God:    Dithmenos [......]
Gold:   105        SH:  0    Dex: 13    Spells: 0 memorised, 5 levels left

rFire  . . .     SeeInvis .     a - +0 long sword
rCold  . . .     Clarity  .     k - +0 plate armour
rNeg   . . .     SustAb   .     (no shield)
rPois  .         Gourm    .     c - +0 helmet
rElec  .         Spirit   +     (no cloak)
rCorr  .         Warding  .     g - +0 pair of gloves
rMut   .         Stasis   .     (no boots)
MR     .....                    p - amulet of guardian spirit
Stlth  ..........               (no ring)
                                i - +4 ring of protection

@: not resistant to hostile enchantments, extremely unstealthy
A: talons 1, nightstalker 1
a: Renounce Religion


You were on level 4 of the Dungeon.
You worshipped Dithmenos.
Dithmenos was noncommittal.
You were not hungry.

You visited 1 branch of the dungeon, and saw 4 of its levels.

You collected 105 gold pieces.

Inventory:

Hand weapons
 a - a +0 long sword (weapon)
Missiles
 d - 3 throwing nets (quivered)
Armour
 c - a +0 helmet (worn)
 g - a +0 pair of gloves (worn)
 k - a +0 plate armour (worn)
Jewellery
 b - an uncursed amulet of warding
 i - a +4 ring of protection (left hand)
 p - an amulet of guardian spirit (around neck)
Scrolls
 h - a scroll of fear {unknown}
 j - 3 scrolls of identify {unknown}
 o - a scroll of immolation {unknown}
 q - a scroll of teleportation {unknown}
 s - a scroll of fog {unknown}
 t - a scroll of recharging {unknown}
Potions
 e - a potion of ambrosia {unknown}
 m - a potion of lignification {unknown}
 n - a potion of cancellation {unknown}
 r - a potion of curing {unknown}
Comestibles
 f - 4 bread rations
 l - 2 meat rations


   Skills:
 + Level 2.2 Fighting
 + Level 4.9 Long Blades
 - Level 1.7 Throwing
 + Level 3.3 Armour
 - Level 2.6 Dodging


You had 5 spell levels left.
You didn't know any spells.

Dungeon Overview and Level Annotations

Branches:
Dungeon (4/15)
 Temple: D:4-7

Altars:
Ashenzari
Dithmenos
Qazlal
Vehumet


Innate Abilities, Weirdness & Mutations

You have sharp toenails.
You are slightly more attuned to the shadows.


Message History

The ogre is heavily wounded.
The ogre hits you but does no damage.
You hit the ogre.
The ogre is severely wounded.
You hit the ogre.
The ogre is almost dead.
The ogre hits you but does no damage.
Your plate armour prevents you from hitting the ogre.
Your kick misses the ogre.
The ogre is severely wounded.
The ogre hits you with a giant club!
* * * LOW HITPOINT WARNING * * *
You hit the ogre. Your kick misses the ogre.
The ogre is almost dead.
The ogre hits you with a giant club!
* * * LOW HITPOINT WARNING * * *
You hit the ogre. Your kick misses the ogre.
The ogre is almost dead.
The ogre hits you with a giant club!
You die...

#......#
#..###.#
#..###.# .
#....#.#.#
##.#.#.#.##..
#>#.........
#.....#...##
###....(....
#.@..#....
#.O.......
#........
#.....#..
##...## ###..
##


You could see an ogre.

Vanquished Creatures
  A centaur (D:3)
  A giant frog skeleton (D:3)
  An orc wizard (D:3)
  Robin (D:2)
  4 adders
  An ooze (D:3)
  A worm (D:2)
  A giant gecko (D:3)
  5 orcs (D:3)
  6 bats
  20 goblins
  6 hobgoblins
  2 jackals (D:2)
  7 kobolds
  A ball python (D:4)
  4 giant cockroaches
  6 giant newts
  3 quokkas
  14 rats
85 creatures vanquished.

Notes
Turn   | Place    | Note
--------------------------------------------------------------
     0 | D:1      | Fluffy, the Demonspawn Gladiator, began the quest for the Orb.
     0 | D:1      | Reached XP level 1. HP: 16/16 MP: 1/1
    35 | D:1      | Reached skill level 3 in Long Blades
    68 | D:1      | Gained mutation: You are slightly more attuned to the shadows. [demonic ancestry]
    68 | D:1      | Reached XP level 2. HP: 15/22 MP: 2/2
   714 | D:2      | Found a radiant altar of Vehumet.
   765 | D:2      | Gained mutation: You have sharp toenails. [demonic ancestry]
   765 | D:2      | Reached XP level 3. HP: 25/27 MP: 3/3
   776 | D:2      | Reached skill level 1 in Armour
   831 | D:2      | Found a shattered altar of Ashenzari.
   902 | D:2      | Found a stormy altar of Qazlal.
  1146 | D:2      | Noticed Robin
  1161 | D:2      | Killed Robin
  1168 | D:2      | Reached XP level 4. HP: 26/33 MP: 4/4
  1374 | D:2      | Found a shadowy altar of Dithmenos.
  1399 | D:2      | Became a worshipper of Dithmenos the Shadowed
  1440 | D:3      | Reached skill level 4 in Long Blades
  1958 | D:3      | Reached XP level 5. HP: 27/38 MP: 3/5
  2050 | D:3      | Noticed a centaur
  2063 | D:3      | Killed a centaur
  2307 | D:3      | Reached XP level 6. HP: 41/44 MP: 6/6
  2628 | D:4      | Slain by an ogre

Action                   |  1- 3 |  4- 6 || total
-------------------------+-------+-------++-------
Melee: Long sword        |   165 |   160 ||   325
 Stab: Sleeping          |     1 |       ||     1
  Eat: Chunk             |     1 |     5 ||     6
